 Dungeon Crawl Stone Soup version 0.31-a0-881-ge136f0c47a (webtiles) character file.

Game seed: 4855615584190745493

1468 greenreed the Magician (level 9, -4/55 HPs)
             Began as a Djinni Fire Elementalist on Oct 15, 2023.
             Was a Follower of Makhleb.
             Killed by divine providence
             ... invoked by Jeremiah
              (13 damage)
             ... on level 6 of the Dungeon.
             The game lasted 00:13:19 (5797 turns).

greenreed the Magician (Djinni Fire Elementalist)   Turns: 5797, Time: 00:13:20

Health: -4/55      AC:  8    Str:  7    XL:     9   Next: 6%
Gold:   303        EV: 15    Int: 21    God:    Makhleb [*.....] SH:  0 Dex: 14

rFire   + + .        B - staff of conjuration
rCold   . . .        (no shield)
rNeg    . . .        a - +0 robe
rPois   ∞            (no helmet)
rElec   .            D - +1 cloak
rCorr   .            (no gloves)
SInv    .            (boots unavailable)
Will    .....        (no amulet)
Stlth   ++           h - ring of protection from cold
HPRegen 0.29/turn    j - +4 ring of protection
MPRegen 0.00/turn

%: infuse magic (-5 HP)
@: flying
A: sickness immunity, fire resistance 2, cold vulnerability 1, float, innate
caster, HP casting, extra vitality 1
a: Renounce Religion


You were on level 6 of the Dungeon.
You worshipped Makhleb.
Makhleb was aware of your devotion.
You visited 2 branches of the dungeon, and saw 7 of its levels.
You also visited: Sewer.

You collected 303 gold pieces.

Inventory:

Missiles
 m - 2 throwing nets
Armour
 a - a +0 robe (worn)
 D - a +1 cloak (worn)
Magical Staves
 f - a staff of earth
 B - a staff of conjuration (weapon)
Jewellery
 h - a ring of protection from cold (left hand)
 j - a +4 ring of protection (right hand)
 l - a ring of willpower
 r - a ring of wizardry
Wands
 y - a wand of iceblast (5)
 A - a wand of paralysis (12)
Scrolls
 d - 7 scrolls of identify {unknown}
 e - 2 scrolls of amnesia {unknown}
 i - 2 scrolls of immolation {unknown}
 k - 2 scrolls of enchant weapon {unknown}
 n - 2 scrolls of teleportation {unknown}
 p - a scroll of enchant armour {unknown}
 q - 2 scrolls of blinking {unknown}
 s - a scroll of poison {unknown}
 x - 2 scrolls of silence {unknown}
Potions
 b - 3 potions of curing {unknown}
 c - a potion of attraction {unknown}
 g - a potion of invisibility {unknown}
 o - 2 potions of lignification {unknown}
 t - 3 potions of haste {unknown}
 u - 2 potions of enlightenment {unknown}
 v - 5 potions of might {unknown}
 w - a potion of berserk rage {unknown}
 z - a potion of ambrosia {unknown}
 C - a potion of heal wounds {unknown}
 E - a potion of brilliance {unknown}


   Skills:
 + Level 6.7 Dodging
 - Level 1.8 Stealth
 * Level 6.8 Spellcasting
 * Level 6.8 Conjurations
 * Level 6.8 Hexes
   Level 0.0 Charms
 * Level 6.8 Summonings
 * Level 6.8 Necromancy
 * Level 6.8 Translocations
 * Level 6.8 Transmutations
 * Level 6.8 Fire Magic
 * Level 6.8 Ice Magic
 * Level 6.8 Air Magic
 * Level 6.8 Earth Magic
 * Level 6.8 Poison Magic
 + Level 2.8 Invocations


You knew the following spells:

 Your Spells              Type           Power      Damage    Failure   Level
a - Foxfire               Conj/Fire      100%       2x1d9     1%          1
b - Scorch                Fire           70%        2d7       1%          2
c - Volatile Blastmotes   Fire/Tloc      70%        2d15      1%          3
d - Inner Flame           Hex/Fire       35%        N/A       1%          3
e - Flame Wave            Conj/Fire      52%        2d13      5%          4
f - Kiss of Death         Conj/Necr      100%       2d13      1%          1
g - Blink                 Tloc           70%        N/A       1%          2
h - Ensorcelled Hibernat  Hex/Ice        70%        N/A       1%          2
i - Swiftness             Air            35%        N/A       1%          3
Your spell library was empty.

Dungeon Overview and Level Annotations

Branches:
Dungeon (6/15)             Temple (1/1) D:4           Sewer (visited)

Altars:
Ashenzari
Dithmenos
Elyvilon
Fedhas
Gozag
Hepliaklqana
Makhleb
Nemelex Xobeh
Okawaru
Qazlal
Ru
Trog
Uskayaw
Wu Jian
Xom
Zin
The Shining One

Annotations:
D:6 Jeremiah


Innate Abilities, Weirdness & Mutations

You are immune to sickness and miasma.
You are immune to poison.
Your flesh is very heat resistant. (rF++)
You are vulnerable to cold. (rC-)
You float through the air rather than walking.
You learn spells naturally, not from books.
Your magical power is your life essence.
You have superior vitality. (+4 MHP)


Message History

Jeremiah, Barachi Dreamer comes into view.
They are wielding a +3 trident of draining, wearing an orb of energy and carrying a wand of polymorph.
Jeremiah shouts!
You feel a surge of power!
You conjure some foxfire!
Jeremiah cries, "Fearful master, protect me!"
Something smites you!
You feel a surge of power!
You conjure some foxfire!
You feel a surge of power!
You conjure some foxfire!
The foxfire hits the butterfly!
You kill the butterfly!
The butterfly disappears in a burst of colours!
The foxfire hits the butterfly.
You kill the butterfly!
The butterfly disappears in a burst of colours!
The foxfire hits the butterfly.
You kill the butterfly!
The butterfly disappears in a burst of colours!
The foxfire hits the butterfly!
You kill the butterfly!
The butterfly disappears in a burst of colours!
Press: ? - help, v - describe, . - travel
Here: Jeremiah, wielding a +3 trident of draining, wearing a +0 robe, wearing an orb of energy and carrying a wand of polymorph The floor.
Unknown command.
Casting: Foxfire (safe; 1% risk of failure)
Confirm with . or Enter, or press ? or * to list all spells.
Aiming: Ensorcelled Hibernation (safe; 1% risk of failure)
Press: ? - help, Shift-Dir - straight line, f - Jeremiah
Aim: Jeremiah, wielding a +3 trident of draining, wearing a +0 robe, wearing an orb of energy and carrying a wand of polymorph (chance to affect: 46%)
The butterfly looks drowsy...
Jeremiah throws their arms up pleadingly.
Something smites you!
The foxfire hits the butterfly.
You kill the butterfly!
The butterfly disappears in a burst of colours!
Jeremiah throws their arms up pleadingly.
Something smites you!
* * * LOW HITPOINT WARNING * * *
Jeremiah throws their arms up pleadingly.
Something smites you!
You die...
Jeremiah wails, "I didn't mean to kill anyone!
I'm not a murderer!"

..# #>##.# #.
..# #.##.##..
### #.##..#.#
#.###.#.#
##.# #.#.#
### ###..#
#.#.#
..######..<##
#...#
.........###
#.[##
.#########
#.@# .....#
#.b# .....#
#..bb..#
.....#
#.b.b..#
.....#
#..bbbb#
.....#
#...F..#
.....#
#......#
######
#......#
########


You could see Jeremiah.

Vanquished Creatures
  Grinder (D:3)
  Edmund (D:4)
  A black bear (D:6)
  An ogre (D:5)
  A phantom (D:4)
  A bullfrog (D:6)
  2 gnoll sergeants (D:5)
  A scorpion (D:4)
  A howler monkey (D:5)
  A hound (D:5)
  Crazy Yiuf (D:4)
  4 iguanas
  13 gnolls
  20 adders
  3 river rats (D:4)
  2 shadow imps (D:5)
  3 worms
  3 dart slugs
  2 orcs (D:4)
  8 ball pythons
  5 endoplasms
  3 giant cockroaches
  5 hobgoblins
  11 jackals
  12 kobolds
  7 bats
  6 frilled lizards
  4 goblins
  9 rats
132 creatures vanquished.

Vanquished Creatures (collateral kills)
  3 foxfires (D:3)
3 creatures vanquished.

Vanquished Creatures (others)
  413 foxfires
413 creatures vanquished.

Grand Total: 548 creatures vanquished

Notes
Turn   | Place    | Note
-------+----------+-------------------------------------------
     0 | D:1      | greenreed the Djinni Fire Elementalist began the quest for
                  | the Orb.
     0 | D:1      | greenreed set off with the following spells memorised:
                  | Foxfire, Scorch, Volatile Blastmotes, Inner Flame, Flame
                  | Wave.
     0 | D:1      | Reached XP level 1. HP: 15/15 MP: 0/0
   362 | D:1      | Reached XP level 2. HP: 17/21 MP: 0/0
  1022 | D:2      | Reached XP level 3. HP: 20/25 MP: 0/0
  1022 | D:2      | Learned a level 1 spell: Kiss of Death
  1390 | D:2      | Found a faded altar of an unknown god.
  1571 | D:2      | Reached XP level 4. HP: 28/31 MP: 0/0
  1674 | D:3      | Reached XP level 5. HP: 23/35 MP: 0/0
  1674 | D:3      | Learned a level 2 spell: Blink
  1867 | D:3      | Found a hide-covered altar of Uskayaw.
  2004 | D:3      | Noticed Grinder
  2010 | D:3      | Paralysed by Grinder for 2 turns
  2018 | D:3      | Killed Grinder
  2019 | D:3      | Reached XP level 6. HP: 24/40 MP: 0/0
  2469 | D:3      | Found a blossoming altar of Fedhas.
  2495 | D:3      | Reached XP level 7. HP: 42/45 MP: 0/0
  2495 | D:3      | Learned a level 2 spell: Ensorcelled Hibernation
  2876 | D:4      | Found a sparkling altar of Nemelex Xobeh.
  2876 | D:4      | Found a broken altar of Ashenzari.
  2877 | D:4      | Found a sacrificial altar of Ru.
  2896 | D:4      | Found a shadowy altar of Dithmenos.
  2913 | D:4      | Found a glowing golden altar of the Shining One.
  2922 | D:4      | Reached skill level 5 in Spellcasting
  2922 | D:4      | Reached skill level 5 in Conjurations
  2922 | D:4      | Reached skill level 5 in Hexes
  2922 | D:4      | Reached skill level 5 in Summonings
  2922 | D:4      | Reached skill level 5 in Necromancy
  2922 | D:4      | Reached skill level 5 in Translocations
  2922 | D:4      | Reached skill level 5 in Transmutations
  2922 | D:4      | Reached skill level 5 in Fire Magic
  2922 | D:4      | Reached skill level 5 in Ice Magic
  2922 | D:4      | Reached skill level 5 in Air Magic
  2922 | D:4      | Reached skill level 5 in Earth Magic
  2922 | D:4      | Reached skill level 5 in Poison Magic
  2969 | D:4      | Reached skill level 5 in Dodging
  3016 | D:4      | Found a glowing drain.
  3027 | Sewer    | Entered a sewer
  3514 | D:4      | Found an opulent altar of Gozag.
  3556 | D:4      | Noticed Edmund
  3571 | D:4      | Killed Edmund
  3572 | D:4      | Reached XP level 8. HP: 30/50 MP: 0/0
  3690 | D:4      | Found a runed translucent door.
  3691 | D:4      | Noticed Crazy Yiuf
  3718 | D:4      | Found an ornate altar of the Wu Jian Council.
  3808 | D:4      | Found a staircase to the Ecumenical Temple.
  3830 | Temple   | Entered the Ecumenical Temple
  3867 | Temple   | Became a worshipper of Makhleb the Destroyer
  4290 | D:4      | Killed Crazy Yiuf
  4413 | D:5      | Entered Level 5 of the Dungeon
  4473 | D:5      | Found a stormy altar of Qazlal.
  4597 | D:5      | Reached skill level 1 in Invocations
  5659 | D:6      | Reached * piety under Makhleb
  5660 | D:6      | Reached XP level 9. HP: 54/55 MP: 0/0
  5660 | D:6      | Learned a level 3 spell: Swiftness
  5791 | D:6      | Noticed Jeremiah
  5797 | D:6      | Killed from afar by Jeremiah

Illustrated notes

Levels and vault maps discovered:
D:1:      roderic_crop_circles_arrival_small, layout_loops_corners,
          serial_park_tiny_1
D:2:      layout_basic, hellmonk_ecumenical_altar_zigzags
D:3:      minmay_recursive_quarters, layout_loops_ring,
          grunt_temple_overflow_growth_and_decay,
          nicolae_overflow_hidden_temple, corner_web_ring,
          nicolae_elevator_lobby_plus, uniq_grinder
D:4:      layout_gridville, mainiacjoe_overflow_catwalk,
          mainiacjoe_overflow_24_doors,
          chequers_temple_overflow_statue_of_worship,
          grunt_temple_overflow_open, minmay_temple_entry_statues,
          lightli_sewer_entry_pipes, chequers_big_river, uniq_edmund,
          uniq_crazy_yiuf_cottage
D:5:      layout_loops_ring, kennysheep_mini_moat,
          nicolae_qazlal_eye_of_the_storm
D:6:      layout_rooms, minmay_unpleasant_kobolds, uniq_jeremiah,
          uniq_blork_the_orc
Temple:   hellmonk_temple_beads

Skill      XL: |  1  2  3  4  5  6  7  8 |
---------------+-------------------------+-----
Spellcasting   | 4 5 6 |  6.8
Conjurations   | 4 5 6 |  6.8
Hexes          | 4 5 6 |  6.8
Summonings     | 4 5 6 |  6.8
Necromancy     | 4 5 6 |  6.8
Translocations | 4 5 6 |  6.8
Transmutations | 4 5 6 |  6.8
Fire Magic     | 4 5 6 |  6.8
Ice Magic      | 4 5 6 |  6.8
Air Magic      | 4 5 6 |  6.8
Earth Magic    | 4 5 6 |  6.8
Poison Magic   | 4 5 6 |  6.8
Dodging        | 3 4 5 6 |  6.7
Invocations    | 2 |  2.8
Stealth        | |  1.8

Action                     |  1- 3 |  4- 6 |  7- 9 || total
---------------------------+-------+-------+-------++-------
  Melee: Unarmed           |    22 |       |       ||    22
         Staff             |       |     3 |     4 ||     7
   Cast: Foxfire           |    67 |    59 |   134 ||   260
         Scorch            |       |     8 |    33 ||    41
         Volatile Blastmot |       |       |     6 ||     6
         Flame Wave        |       |       |     1 ||     1
         Ensorcelled Hiber |       |       |     1 ||     1
 Armour: Robe              |     8 |    10 |    19 ||    37
  Dodge: Dodged            |     8 |    19 |    23 ||    50

Table legend: (Time is in decaauts)
 A = Elapsed time spent in this place.
 B = Non-inter-level travel time spent in this place.
 C = Inter-level travel time spent in this place.
 D = Time resting spent in this place.
 E = Time spent auto-exploring this place.
 F = Levels seen in this place.
 G = Mean time per level.
                   A        B        C        D        E       F      G
               +--------+--------+--------+--------+--------+-----+--------+
         Total |   5795 |   5483 |    312 |     48 |   4544 |   8 |  724.4 |
       Dungeon |   5378 |   5138 |    240 |     48 |   4296 |   6 |  896.3 |
        Temple |     74 |      2 |     72 |      0 |      0 |   1 |   74.0 |
         Sewer |    341 |    341 |      0 |      0 |    248 |   1 |  341.0 |
               +--------+--------+--------+--------+--------+-----+--------+

Top non-repeatable levels by time:
     D:3: 1214 daAuts
     D:4: 1132 daAuts
     D:1: 987 daAuts
     D:5: 956 daAuts
     D:2: 664 daAuts
     D:6: 422 daAuts
   Sewer: 341 daAuts
  Temple: 74 daAuts
